 Dungeon Crawl Stone Soup version 0.30-a0-996-ga6910c8ee8 (webtiles) character file.

Game seed: 12949002618220367612

961 Danienth the Cutter (level 7, -1/91 HPs)
             Began as a Grey Draconian Berserker on Apr 4, 2023.
             Was a Priest of Trog.
             Succumbed to a water moccasin's poison
             ... on level 5 of the Dungeon.
             The game lasted 00:38:41 (4378 turns).

Danienth the Cutter (Grey Draconian Berserker)      Turns: 4378, Time: 00:38:41

Health: -1/91      AC: 12    Str: 21    XL:     7   Next: 92%
Magic:  2/7        EV: 13    Int:  7    God:    Trog [***...]
Gold:   173        SH:  0    Dex: 11    Spells: 6/6 levels left

rFire   + . .      SeeInvis .    A - +0 rapier
rCold   . . .      Faith    .    (no shield)
rNeg    + . .      Spirit   +    (body armour unavailable)
rPois   .          Reflect  .    (helmet restricted)
rElec   .          Rampage  .    (no cloak)
rCorr   .                        c - +0 pair of gloves
Will    .....                    (no boots) Stlth
                                 n - amulet of guardian spirit
HPRegen 0.35/turn                s - ring of positive energy
MPRegen 0.10/turn                Z - ring of protection from fire

@: mighty, berserking, lethally poisoned (-1 -> -17), attractive, very quick
A: AC +11, amphibious, unfitting armour, cold-blooded
a: Renounce Religion, Berserk, Trog's Hand


You were on level 5 of the Dungeon.
You worshipped Trog.
Trog was most pleased with you.
You visited 1 branch of the dungeon, and saw 5 of its levels.

You collected 173 gold pieces.

Inventory:

Hand Weapons
 a - a +0 falchion
 g - a +0 dagger
 h - a +0 short sword
 j - a +0 dagger
 l - a +0 dagger
 p - a +0 club
 t - a +0 trident
 u - a +0 mace
 w - a +0 short sword
 z - a +0 sling
 A - a +0 rapier (weapon)
 F - a +0 dagger
 G - a +0 sling
 H - a +0 whip
 O - a +0 flail
 P - a +0 whip
 R - a +0 shortbow
 S - a +0 dagger
 T - a +0 giant club
 U - a +0 whip
Missiles
 i - 31 stones
 o - 5 boomerangs (quivered)
Armour
 c - a +0 pair of gloves (worn)
 f - a +0 ring mail
 k - a +0 robe
 q - a +0 robe
 v - a +0 scale mail
 y - a +0 leather armour
 B - a +0 leather armour
 C - a +0 robe
 V - a +0 animal skin
Jewellery
 n - an amulet of guardian spirit (around neck)
 s - a ring of positive energy (left hand)
 Z - a ring of protection from fire (right hand)
Wands
 e - a wand of polymorph (8)
Scrolls
 b - a scroll of fog {unknown}
 r - a scroll of immolation {unknown}
 D - a scroll of torment
 E - a scroll of magic mapping {unknown}
 I - a scroll of amnesia
 J - a scroll of enchant armour {unknown}
 Q - a scroll of enchant weapon {unknown}
 X - a scroll of teleportation {unknown}
 Y - a scroll of poison {unknown}
Potions
 m - a potion of haste {unknown}
 K - a potion of mutation {unknown}
 L - 2 potions of magic {unknown}
 M - 2 potions of attraction
 N - a potion of might
 W - a potion of degeneration


   Skills:
 + Level 5.1 Fighting
 + Level 5.5(6.1) Short Blades
 + Level 4.0(5.4) Long Blades
 + Level 5.1 Dodging
 + Level 2.2 Stealth


You had 6 spell levels left.
You didn't know any spells.
Your spell library contained the following spells:

 Spells                   Type           Power      Damage    Failure   Level
 Shock                    Conj/Air       0%         1d3       43%         1
 Swiftness                Air            0%         N/A       80%         3
 Airstrike                Air            0%         2d(0-16)  99%         4


Dungeon Overview and Level Annotations

Branches:
Dungeon (5/15)
 Temple: D:4-7

Altars:
Cheibriados
The Shining One


Innate Abilities, Weirdness & Mutations

Your dull iron-grey scales are very hard. (AC +11)
You are amphibious.
You cannot fit into any form of body armour.
You are cold-blooded and may be slowed by cold attacks.


Message History

You feel very sick.
The water moccasin bites you but does no damage.
You barely miss the water moccasin.
The water moccasin is moderately wounded.
You feel very sick. The water moccasin bites you!
You are lethally poisoned!
The water moccasin poisons you!
You barely miss the water moccasin. You tail-slap the water moccasin.
The water moccasin is heavily wounded.
* * * LOW HITPOINT WARNING * * *
You feel very sick. The water moccasin bites you.
You are more poisoned.
The water moccasin poisons you! The water moccasin barely misses you.
It was a potion of attraction.
You feel attractive to monsters.
* * * LOW HITPOINT WARNING * * *
You feel extremely sick. The water moccasin closely misses you.
A red film seems to cover your vision as you go berserk!
You feel yourself moving faster!
You feel mighty!
* * * LOW HITPOINT WARNING * * *
You feel very sick. The water moccasin barely misses you.
You puncture the water moccasin!
The water moccasin is severely wounded.
* * * LOW HITPOINT WARNING * * *
You feel very sick. The water moccasin bites you.
* * * LOW HITPOINT WARNING * * *
You closely miss the water moccasin.
The water moccasin is severely wounded.
* * * LOW HITPOINT WARNING * * *
You feel sick.
The water moccasin bites you but does no damage.
You puncture the water moccasin!
You kill the water moccasin!
Trog accepts your kill.
You die...

##########
#...†....#
#.######+# #@# ####
###†### ...#####
#.....# !......#
#.....# .......##
#.....#
...###..######.....#
...'_'.......###.###
...###.....#.#....#
.......###.#.#....#


There were no monsters in sight!

Vanquished Creatures
  Menkaure (D:4)
  2 water moccasins (D:5)
  An ogre (D:4)
  A centaur (D:4)
  A scorpion (D:4)
  A howler monkey (D:5)
  A jelly (D:5)
  3 hounds
  Jessica (D:2)
  4 iguanas
  Natasha (thrice) (D:4)
  Robin (D:4)
  2 adders (D:2)
  2 ufetubi
  A worm (D:2)
  3 dart slugs
  3 orcs
  8 bats
  9 endoplasms
  4 giant cockroaches
  11 hobgoblins
  2 jackals (D:3)
  8 quokkas
  13 ball pythons
  3 frilled lizards
  11 goblins
  7 kobolds
  2 rats
109 creatures vanquished.

Notes
Turn   | Place    | Note
-------+----------+-------------------------------------------
     0 | D:1      | Danienth the Draconian Berserker began the quest for the
                  | Orb.
     0 | D:1      | Reached XP level 1. HP: 19/19 MP: 1/1
   275 | D:1      | Reached XP level 2. HP: 26/26 MP: 2/2
   983 | D:2      | Noticed Jessica
   994 | D:2      | Killed Jessica
   994 | D:2      | Reached ** piety under Trog
   995 | D:2      | Reached XP level 3. HP: 18/33 MP: 3/3
  1430 | D:2      | Reached XP level 4. HP: 40/40 MP: 4/4
  2564 | D:4      | Noticed Menkaure
  2576 | D:4      | Killed Menkaure
  2577 | D:4      | Reached skill level 1 in Stealth
  2577 | D:4      | Reached XP level 5. HP: 26/46 MP: 0/5
  2710 | D:4      | Reached XP level 6. HP: 36/53 MP: 2/6
  2873 | D:4      | Noticed Natasha
  2889 | D:4      | Killed Natasha
  2933 | D:4      | Noticed Natasha
  2948 | D:4      | Killed Natasha
  3134 | D:4      | Your scales start taking on a dull iron-grey colour.
  3134 | D:4      | Reached XP level 7. HP: 23/60 MP: 2/7
  3370 | D:4      | Noticed Robin
  3390 | D:4      | Reached *** piety under Trog
  3396 | D:4      | Killed Robin
  3617 | D:4      | Found a glowing golden altar of the Shining One.
  3642 | D:4      | Noticed Natasha
  3659 | D:4      | Killed Natasha
  4210 | D:5      | Entered Level 5 of the Dungeon
  4239 | D:5      | Reached skill level 5 in Short Blades
  4277 | D:5      | Found a snail-covered altar of Cheibriados.
  4306 | D:5      | Reached skill level 5 in Fighting
  4306 | D:5      | Reached skill level 5 in Dodging
  4376 | D:5      | HP: 3/91 [water moccasin (3)]
  4377 | D:5      | HP: 1/91 [poisoned by a water moccasin]
  4378 | D:5      | Succumbed to a water moccasin's poison

Illustrated notes

Levels and vault maps discovered:
D:1:      dpeg_arrival_simpleton_b, layout_basic, st_stairs_11,
          minmay_hexomino_p4
D:2:      layout_basic, uniq_jessica
D:3:      layout_basic, kennysheep_generic_room_8
D:4:      layout_cave_pods, lemuel_tele_altar, kennysheep_generic_room_12,
          uniq_menkaure, uniq_robin, uniq_natasha
D:5:      minmay_evil_eye, layout_basic, kennysheep_mini_moat, minmay_liquid_box

Skill      XL: |  1  2  3  4  5  6  7 |
---------------+----------------------+-----
Dodging        | 3 4 5 |  5.1
Fighting       | 4 5 |  5.1
Long Blades    | 4 |  4.0
Short Blades   | 2 3 4 5 |  5.5
Stealth        | 1 2 |  2.2

Action                     |  1- 3 |  4- 6 |  7- 9 || total
---------------------------+-------+-------+-------++-------
  Melee: Falchion          |   100 |    18 |       ||   118
         Tailslap          |    12 |    22 |    27 ||    61
         Punch             |     1 |     2 |     1 ||     4
         Rapier            |       |   156 |   156 ||   312
 Invoke: Berserk           |     1 |     5 |     3 ||     9
         Trog's Hand       |       |       |     1 ||     1
    Use: Scroll            |       |     5 |     2 ||     7
         Potion            |       |     5 |     2 ||     7
   Stab: Sleeping          |       |     1 |     1 ||     2
 Armour: Skin              |    37 |    85 |    62 ||   184
  Dodge: Dodged            |    76 |   205 |   131 ||   412

Table legend: (Time is in decaauts)
 A = Elapsed time spent in this place.
 B = Non-inter-level travel time spent in this place.
 C = Inter-level travel time spent in this place.
 D = Time resting spent in this place.
 E = Time spent auto-exploring this place.
 F = Levels seen in this place.
 G = Mean time per level.
                   A        B        C        D        E       F      G
               +--------+--------+--------+--------+--------+-----+--------+
         Total |   4464 |   3605 |    859 |      0 |   1635 |   5 |  892.8 |
       Dungeon |   4464 |   3605 |    859 |      0 |   1635 |   5 |  892.8 |
               +--------+--------+--------+--------+--------+-----+--------+

Top non-repeatable levels by time:
     D:4: 1695 daAuts
     D:1: 984 daAuts
     D:3: 952 daAuts
     D:2: 664 daAuts
     D:5: 167 daAuts
